 Dungeon Crawl Stone Soup version 0.28.0 (webtiles) character file.

Game seed: 3210900115158288650

53 Leshista the Chopper (level 3, -5/31 HPs)
             Began as a Palentonga Berserker on Feb 6, 2022.
             Was a Believer of Trog.
             Slain by Crazy Yiuf (9 damage)
             ... on level 2 of the Dungeon.
             The game lasted 00:05:08 (2217 turns).

Leshista the Chopper (Palentonga Berserker)         Turns: 2217, Time: 00:05:08

Health: -5/31      AC:  5    Str: 20    XL:     3   Next: 64%
Magic:  3/3        EV: 10    Int:  7    God:    Trog [**....]
Gold:   50         SH:  0    Dex: 11    Spells: 2/2 levels left

rFire   . . .      SeeInvis +   a - +0 hand axe
rCold   . . .      Faith    .   (no shield)
rNeg    . . .      Spirit   .   b - +1 animal skin
rPois   .          Reflect  .   (no helmet)
rElec   .          Harm     .   (no cloak)
rCorr   .          Rampage  .   (no gloves)
Will    ++...                   (no barding)
Stlth   +.........              (no amulet)
HPRegen 1.10/turn               (no ring)
MPRegen 0.08/turn               (no ring)

@: lethally poisoned (-5 -> -6), strong-willed, regenerating
A: large, rugged brown scales 3, see invisible, deformed body, roll 1, armoured
tail
a: Rolling Charge, Renounce Religion, Berserk, Trog's Hand


You were on level 2 of the Dungeon.
You worshipped Trog.
Trog was pleased with you.
You visited 1 branch of the dungeon, and saw 2 of its levels.

You collected 50 gold pieces.

Inventory:

Hand Weapons
 a - a +0 hand axe (weapon)
Armour
 b - a +1 animal skin (worn)
Scrolls
 g - a scroll of enchant weapon {unknown}
 h - a scroll of immolation {unknown}
 i - 2 scrolls of blinking
 j - a scroll of amnesia {unknown}
 k - a scroll of identify {unknown}
 l - a scroll of noise {unknown}
Potions
 c - a potion of heal wounds {unknown}
 d - 2 potions of berserk rage {unknown}
 e - a potion of lignification {unknown}
 f - a potion of flight {unknown}


   Skills:
 * Level 3.5 Fighting
 * Level 3.8 Axes
 - Level 1.6 Armour
 * Level 2.1 Dodging


You had 2 spell levels left.
You didn't know any spells.
Your spell library was empty.

Dungeon Overview and Level Annotations

Branches:
Dungeon (2/15)

Altars:

Annotations:
D:2 Crazy Yiuf


Innate Abilities, Weirdness & Mutations

You are completely covered in rugged brown scales. (AC +3, +7% HP)
You have supernaturally acute eyesight. (SInv)
Armour fits poorly on your strangely shaped body.
You can roll at nearby foes to attack.
You have a long armoured tail.


Message History

You open the door.
A frilled lizard and a bat come into view.
You closely miss the bat. The bat hits you but does no damage. x2
The bat closely misses you.
You barely miss the bat.
Your tail-slap misses the bat.
The bat barely misses you.
The frilled lizard hisses angrily.
The bat hits you but does no damage.
You slash the bat!
You kill the bat!
Trog accepts your kill. The frilled lizard barely misses you.
You closely miss the frilled lizard. The frilled lizard misses you.
You hit the frilled lizard.
You kill the frilled lizard!
Trog accepts your kill.
No target in view!
Found 23 bolts.
You see here 23 bolts.
Key pressed, stopping explore.
Found a mace.
Found a runed translucent door.
Crazy Yiuf shouts!
Crazy Yiuf yells, "Tosser alas disdain!"
As you open the door, it creaks loudly!
Roll where?
Press: ? - help, Dir - move target, f - Crazy Yiuf
Aim: Crazy Yiuf, wielding a +4 quarterstaff of chaos and wearing a +2 cloak You roll forward with a clatter of scales!
You barely miss Crazy Yiuf.
Crazy Yiuf hits you with a +4 quarterstaff of chaos!
You are electrocuted!
* * * LOW HITPOINT WARNING * * *
Crazy Yiuf hits you with a +4 quarterstaff of chaos.
* * * LOW HITPOINT WARNING * * *
You are lethally poisoned!
Your skin crawls.
You feel strong-willed.
You feel very sick.
Crazy Yiuf hits you with a +4 quarterstaff of chaos!
You die...

#...# #.# #####.#
#.### #.# #.# #.# #.#
#.# #.# ### #.# #.#
..# #.######## ###
#..+...#.### ####
#.......#..##...#
#......####°@g..#
##.+..## ###..)#
###### #### ### ######
####### #.# #.##.#
#.....# #####.###.##.#
#.###.#
#.......#.##.###.###.#


You could see Crazy Yiuf.

Vanquished Creatures
  A dart slug (D:2)
  A ball python (D:1)
  4 bats
  4 endoplasms
  A giant cockroach (D:1)
  3 goblins (D:2)
  5 hobgoblins
  12 jackals
  2 quokkas (D:1)
  A frilled lizard (D:2)
  4 kobolds
  5 rats
43 creatures vanquished.

Notes
Turn   | Place    | Note
-------+----------+-------------------------------------------
     0 | D:1      | Leshista the Palentonga Berserker began the quest for the
                  | Orb.
     0 | D:1      | Reached XP level 1. HP: 19/19 MP: 1/1
   225 | D:1      | Reached XP level 2. HP: 16/25 MP: 2/2
  1225 | D:2      | Reached XP level 3. HP: 11/31 MP: 3/3
  1840 | D:2      | Reached ** piety under Trog
  2211 | D:2      | Found a runed translucent door.
  2212 | D:2      | Noticed Crazy Yiuf
  2217 | D:2      | Slain by Crazy Yiuf

Illustrated notes

Levels and vault maps discovered:
D:1:      roderic_chinese_lattice_arrival, layout_basic
D:2:      layout_loops_corners, corexii_corridor_pit,
          nicolae_figureground_pulse, uniq_crazy_yiuf_cottage

Skill      XL: |  1  2  3 |
---------------+----------+-----
Dodging        | 2 |  2.1
Fighting       | |  3.5
Axes           | |  3.8
Armour         | |  1.6

Action                   || total
-------------------------++-------
Melee: Hand axe          ||   130
       Tailslap          ||    19
Invok: Trog's Hand       ||     1
 Abil: Rolling Charge    ||     3
  Use: Scroll            ||     4
Armor: Animal skin       ||    68
Dodge: Dodged            ||    68
